AoeStats
← Hector

Hill Fort

504696201Analyzed
4v4 RM · 27d ago on Sep 6, 2026· 48m 55s· 8 players
Game mode
Random Map
Map size
Large (8 player)
Population
200
Speed
Normal
Resources
Standard
Victory
Conquest
Starting age
Dark Age
Ending age
Imperial Age
RankedLock teamsTeams togetherTeam positionsShared explorationLock speedFull tech treeHidden civsTurbo modeCheats
Victory
Defeat
🇨🇦 Spanish · Canada
1519
+14
🇺🇸 Muisca · United States
1452
+17
🇺🇸 Georgians · United States
1393
+19
🇺🇸 Armenians · United States
1356
+21
🇦🇹 Ethiopians · Austria
1496
-19
🇹🇼 Byzantines · Taiwan
1484
-18
🇹🇼 Magyars · Taiwan
1464
-18
🇲🇾 Britons · Malaysia
1415
-16
el_Feist
10:28 Feudal Age
11:56 Loom
14:41 Castle Age
12:51 Double-Bit Axe
12:54 Horse Collar
16:25 Bow Saw
24:28 Wheelbarrow
24:29 Fletching
25:46 Bodkin Arrow
26:18 Heavy Plow
26:16 Gold Mining
27:23 Hand Cart
29:27 Gold Shaft Mining
30:01 Padded Archer Armor
30:06 Town Watch
33:55 Imperial Age
32:09 Leather Archer Armor
32:38 Ballistics
35:42 Onager
37:09 Siege Engineers
38:05 Chemistry
37:33 Bracer
38:53 Hoardings
39:14 Elite Guecha Warrior
40:15 Conscription
42:53 Masonry
45:12 Squires
47:15 Thumb Ring
meh
9:30 Feudal Age
9:59 Feudal Age
11:21 Loom
14:00 Castle Age
12:44 Double-Bit Axe
13:37 Horse Collar
19:36 Sanctity
20:24 Fervor
22:12 Forging
22:03 Scale Mail Armor
22:15 Forging
23:03 Arson
23:44 Squires
24:56 Bow Saw
26:31 Stone Mining
27:14 Town Watch
28:07 Wheelbarrow
31:30 Imperial Age
28:52 Man-at-Arms
30:09 Chain Mail Armor
29:54 Long Swordsman
31:28 Iron Casting
30:56 Gambesons
30:36 Two-Handed Swordsman
31:27 Champion
34:04 Plate Mail Armor
34:58 Blast Furnace
35:33 Fereters
36:05 Pikeman
36:50 Halberdier
38:05 Fletching
38:43 Ballistics
40:39 Bodkin Arrow
41:48 Chemistry
41:23 Bracer
Cinnamoroll
7:09 Loom
9:18 Feudal Age
9:53 Double-Bit Axe
12:21 Town Watch
17:11 Wheelbarrow
20:07 Castle Age
18:46 Gold Mining
18:37 Horse Collar
20:08 Scale Barding Armor
20:04 Stone Mining
20:27 Bloodlines
21:10 Bow Saw
22:52 Sanctity
22:49 Fervor
23:18 Husbandry
26:56 Heavy Plow
29:14 Chain Barding Armor
30:09 Fletching
35:33 Imperial Age
33:46 Hand Cart
33:30 Bodkin Arrow
35:30 Inquisition
36:38 Block Printing
36:58 Theocracy
36:49 Illumination
36:43 Bracer
37:49 Plate Barding Armor
38:43 Conscription
39:13 Pikeman
39:54 Squires
39:55 Scale Mail Armor
40:06 Forging
41:07 Chain Mail Armor
41:08 Halberdier
44:49 Plate Mail Armor
44:55 Iron Casting
47:14 Redemption
all peacocks are the same
10:41 Feudal Age
13:49 Scale Barding Armor
13:56 Forging
16:07 Castle Age
15:26 Forging
17:07 Loom
17:27 Light Cavalry
19:50 Fervor
20:56 Scale Barding Armor
21:41 Husbandry
23:58 Wheelbarrow
23:12 Double-Bit Axe
24:38 Sanctity
28:28 Bow Saw
35:01 Imperial Age
32:57 Murder Holes
37:59 Imperial Age
40:01 Fletching
42:56 Chain Barding Armor
43:08 Bloodlines
42:19 Hussar
48:04 Horse Collar
49:09 Heavy Plow
49:27 Hand Cart
DeepLin
7:04 Loom
9:13 Feudal Age
9:45 Double-Bit Axe
10:02 Horse Collar
15:35 Wheelbarrow
20:44 Castle Age
19:18 Scale Barding Armor
19:24 Forging
20:02 Gold Mining
21:31 Husbandry
21:42 Bow Saw
21:58 Chain Barding Armor
34:19 Imperial Age
32:13 Hand Cart
32:47 Caravan
35:10 Iron Casting
34:22 Heavy Camel Rider
35:39 Plate Barding Armor
35:46 Iron Casting
34:47 Light Cavalry
38:14 Devotion
_SKY_菜刀
5:26 Loom
10:24 Feudal Age
13:02 Double-Bit Axe
18:30 Castle Age
18:16 Stone Mining
18:21 Gold Mining
18:15 Horse Collar
19:55 Bow Saw
21:22 Wheelbarrow
25:38 Heavy Plow
29:00 Fletching
29:11 Padded Archer Armor
29:12 Scale Mail Armor
29:14 Squires
32:35 Gold Shaft Mining
34:59 Imperial Age
35:04 Elite Longbowman
36:50 Chemistry
35:51 Bodkin Arrow
36:11 Leather Archer Armor
36:12 Chain Mail Armor
37:18 Conscription
37:16 Bracer
38:06 Yeomen
41:03 Ring Archer Armor
41:03 Plate Mail Armor
41:42 Warwolf
43:52 Hoardings
43:32 Forging
45:14 Two-Man Saw
44:34 Hand Cart
44:08 Arrowslits
44:05 Treadmill Crane
野生傑尼龜
7:34 Loom
10:41 Feudal Age
14:52 Castle Age
13:05 Double-Bit Axe
15:39 Fletching
16:03 Bow Saw
22:00 Bodkin Arrow
22:55 Horse Collar
24:13 Padded Archer Armor
25:30 Husbandry
27:48 Gold Mining
31:01 Wheelbarrow
32:46 Ballistics
33:11 Bloodlines
33:20 Leather Archer Armor
38:03 Imperial Age
36:28 Hand Cart
38:11 Heavy Cavalry Archer
39:18 Parthian Tactics
39:51 Conscription
40:43 Scale Barding Armor
40:03 Light Cavalry
40:08 Cavalier
44:58 Heavy Plow
45:16 Elite Skirmisher
45:18 Paladin
Hector
11:13 Feudal Age
12:20 Double-Bit Axe
14:52 Castle Age
13:15 Horse Collar
13:21 Loom
15:51 Bow Saw
17:36 Heavy Plow
21:48 Fletching
23:23 Crossbowman
25:03 Bodkin Arrow
27:02 Wheelbarrow
26:42 Padded Archer Armor
27:43 Thumb Ring
33:04 Imperial Age
31:19 Ballistics
30:58 Gold Mining
31:57 Town Watch
32:27 Hand Cart
32:29 Leather Archer Armor
32:57 Stone Mining
33:16 Squires
33:56 Bracer
33:23 Capped Ram
33:52 Arbalester
34:41 Siege Engineers
35:45 Conscription
35:42 Scale Mail Armor
36:53 Two-Man Saw
38:05 Chemistry
37:22 Chain Mail Armor
39:18 Masonry
39:40 Plate Mail Armor
41:05 Murder Holes
40:40 Halberdier
Connection lost

Rejoining the realm…

Still unreachable

The connection could not be restored.

Session expired

The server has moved on; the page needs a fresh start.